 Dungeon Crawl Stone Soup version 0.31.0-4-g52a2dc7128 (webtiles) character file.

Game seed: 14677607504449727457

39 Crownlay the Trooper (level 3, -5/31 HPs)
             Began as a Djinni Monk on Jan 23, 2024.
             Slain by a gnoll
             ... wielding a +0 club
              (6 damage)
             ... on level 2 of the Dungeon.
             The game lasted 00:01:07 (1089 turns).

Crownlay the Trooper (Djinni Monk)                  Turns: 1089, Time: 00:01:07

Health: -5/31      AC:  2    Str: 10    XL:     3   Next: 67%
Gold:   44         EV: 13    Int: 13    God:
                   SH:  0    Dex: 15

rFire   + + .        a - +0 short sword
rCold   x . .        d - orb {light}
rNeg    . . .        b - +0 robe
rPois   ∞            (no helmet)
rElec   .            (no cloak)
rCorr   .            (no gloves)
SInv    .            (boots unavailable)
Will    .....        (no amulet)
Stlth   +            (no ring)
HPRegen 0.25/turn    (no ring)
MPRegen 0.00/turn

%: infuse magic (-6 HP)
@: flying, glowing
A: sickness immunity, fire resistance 2, cold vulnerability 1, float, innate
caster, HP casting, extra vitality 1
a: no special abilities


You were on level 2 of the Dungeon.
You visited 1 branch of the dungeon, and saw 2 of its levels.

You collected 44 gold pieces.

Inventory:

Hand Weapons
 a - a +0 short sword (weapon)
Armour
 b - a +0 robe (worn)
 d - an orb of light (worn)
Scrolls
 e - a scroll of identify {unknown}
 g - a scroll of poison {unknown}
 h - a scroll of teleportation {unknown}
 j - a scroll of immolation {unknown}
 m - a scroll of vulnerability {unknown}
Potions
 c - 2 potions of ambrosia
 f - 2 potions of enlightenment {unknown}
 i - a potion of attraction {unknown}
 k - a potion of mutation {unknown}
 l - 2 potions of magic {unknown}


   Skills:
 * Level 3.9 Fighting
 - Level 2.6 Short Blades
 - Level 3.2 Dodging
 + Level 1.1 Spellcasting
 + Level 1.1 Conjurations
 + Level 1.1 Hexes
   Level 0.0 Charms
 + Level 1.1 Summonings
 + Level 1.1 Necromancy
 + Level 1.1 Translocations
   Level 0.0 Transmutations
 + Level 1.1 Fire Magic
 + Level 1.1 Ice Magic
 + Level 1.1 Air Magic
 + Level 1.1 Earth Magic
 + Level 1.1 Alchemy


You knew the following spells:

 Your Spells              Type           Power      Damage    Failure   Level
a - Slow                  Hex            12%        N/A       19%         1
Your spell library was empty.

Dungeon Overview and Level Annotations

Branches:
Dungeon (2/15)

Altars:


Innate Abilities, Weirdness & Mutations

You are immune to sickness and miasma.
You are immune to poison.
Your flesh is very heat resistant. (rF++)
You are vulnerable to cold. (rC-)
You float through the air rather than walking.
You learn spells naturally, not from books.
Your magical power is your life essence.
You have superior vitality. (+4 MHP)


Message History

The gnoll is lightly wounded.
You hit the gnoll.
The gnoll is moderately wounded.
The gnoll misses you. x2
There is a stone staircase leading down here.
You hit the gnoll but do no damage.
The gnoll is lightly wounded.
The gnoll misses you.
You barely miss the gnoll.
The gnoll is lightly wounded.
The gnoll misses you.
You hit the gnoll.
The gnoll is heavily wounded.
The gnoll closely misses you.
You hit the gnoll but do no damage.
The gnoll is heavily wounded.
The gnoll hits you with a +0 flail!
You hit the gnoll.
The gnoll is severely wounded.
The gnoll hits you with a +0 flail.
* * * LOW HITPOINT WARNING * * *
You hit the gnoll.
The gnoll is almost dead.
You hit the gnoll.
You kill the gnoll!
You hit the gnoll.
The gnoll is lightly wounded.
The gnoll barely misses you.
You completely miss the gnoll.
The gnoll is lightly wounded.
The gnoll hits you with a +0 club.
* * * LOW HITPOINT WARNING * * *
You hit the gnoll.
The gnoll is moderately wounded.
The gnoll hits you with a +0 club.
* * * LOW HITPOINT WARNING * * *
You hit the gnoll but do no damage.
The gnoll is moderately wounded.
The gnoll hits you with a +0 club.
You die...

### ..######
.......#
..####.# ###
#.#
############
#.#
#....>@gg..#
### #.#
#.#######..#
..####.## #.#
.....
........# #.#
..####
..####..###.#
####..#
.###.....##.#
#.. ... .#
#.....##.#
#.# .... .#
#.[.....%#
##.# ..## .#
#.....#..#
#..#


You could see 2 gnolls.

Vanquished Creatures
  A gnoll (D:2)
  An adder (D:2)
  A ribbon worm (D:2)
  An orc (D:2)
  A goblin (D:1)
  3 jackals (D:2)
  2 kobolds
  2 bats
  2 frilled lizards (D:1)
  4 rats
18 creatures vanquished.

Notes
Turn   | Place    | Note
-------+----------+-------------------------------------------
     0 | D:1      | Crownlay the Djinni Monk began the quest for the Orb.
     0 | D:1      | Reached XP level 1. HP: 20/20 MP: 0/0
   628 | D:1      | Reached XP level 2. HP: 25/25 MP: 0/0
   802 | D:2      | Found a faded altar of an unknown god.
   843 | D:2      | Reached XP level 3. HP: 17/30 MP: 0/0
   843 | D:2      | Learned a level 1 spell: Slow
   850 | D:2      | Reached skill level 1 in Spellcasting
   850 | D:2      | Reached skill level 1 in Conjurations
   850 | D:2      | Reached skill level 1 in Hexes
   850 | D:2      | Reached skill level 1 in Summonings
   850 | D:2      | Reached skill level 1 in Necromancy
   850 | D:2      | Reached skill level 1 in Translocations
   850 | D:2      | Reached skill level 1 in Fire Magic
   850 | D:2      | Reached skill level 1 in Ice Magic
   850 | D:2      | Reached skill level 1 in Air Magic
   850 | D:2      | Reached skill level 1 in Earth Magic
   850 | D:2      | Reached skill level 1 in Alchemy
  1088 | D:2      | HP: 1/31 [gnoll/+0 club (4)]
  1089 | D:2      | Slain by a gnoll

Illustrated notes

Levels and vault maps discovered:
D:1:      sevenhm_arrival_forest_fort_large_1, layout_basic
D:2:      layout_loops_ring, serial_shops, nicolae_shop_pleasant_corner_grove,
          ebering_ecumenical_altar_mist

Skill      XL: |  1  2  3 |
---------------+----------+-----
Spellcasting   | 1 |  1.1
Conjurations   | 1 |  1.1
Hexes          | 1 |  1.1
Summonings     | 1 |  1.1
Necromancy     | 1 |  1.1
Translocations | 1 |  1.1
Fire Magic     | 1 |  1.1
Ice Magic      | 1 |  1.1
Air Magic      | 1 |  1.1
Earth Magic    | 1 |  1.1
Alchemy        | 1 |  1.1
Fighting       | |  3.9
Short Blades   | |  2.6
Dodging        | |  3.2

Action                     || total
---------------------------++-------
  Melee: Short sword       ||    87
 Armour: Robe              ||    40
  Dodge: Dodged            ||    83
